 Dungeon Crawl Stone Soup version 0.22-a0-877-g5c4e1afb51 (webtiles) character file.

268 Htamos the Stinger (level 6, -1/41 HPs)
             Began as a Formicid Venom Mage on July 29, 2018.
             Slain by a bullfrog skeleton (3 damage)
             ... on level 5 of the Dungeon.
             The game lasted 00:14:33 (6415 turns).

Htamos the Stinger (Formicid Venom Mage)            Turns: 6415, Time: 00:14:33

Health: -1/41      AC:  3    Str: 14    XL:     6   Next: 46%
Magic:  10/10      EV: 12    Int: 15    God:
Gold:   179        SH:  3    Dex: 11    Spells: 4/11 levels left

rFire    . . .     SeeInvis +   s - +0 halberd
rCold    . . .     Gourm    .   p - +0 buckler
rNeg     . . .     Faith    .   a - +1 robe
rPois    .         Spirit   .   (helmet unavailable)
rElec    .         Reflect  .   x - scarf {cloud immunity}
rCorr    .         Harm     .   (no gloves)
MR       .....                  (no boots)
Stlth    ++........             b - amulet of magic regeneration
HPRegen  0.13/turn              (no ring)
MPRegen  0.37/turn              (no ring)

@: no status effects
A: permanent stasis, dig shafts and tunnels, four strong arms, antennae 3
a: Dig, Shaft Self


You were on level 5 of the Dungeon.
You were not hungry.

You visited 2 branches of the dungeon, and saw 7 of its levels.

You collected 179 gold pieces.

Inventory:

Hand Weapons
 f - a -1 short sword
 r - a +0 dagger
 s - a +0 halberd (weapon)
 w - a +1 dagger of venom
Missiles
 e - 74 stones (quivered)
 t - a throwing net
Armour
 a - a +1 robe (worn)
 g - a +1 pair of gloves
 k - a +0 scale mail
 p - a +0 buckler (worn)
 x - a scarf of cloud immunity (worn)
Jewellery
 b - an amulet of magic regeneration (around neck)
Scrolls
 d - a scroll of remove curse
 h - 2 scrolls of identify
 u - 2 scrolls of teleportation {unknown}
Potions
 j - a potion of brilliance
 n - a potion of flight
 q - a potion of resistance
Comestibles
 c - 6 rations


   Skills:
 + Level 2.7 Dodging
 + Level 3.8 Stealth
 + Level 1.5 Shields
 + Level 3.1 Spellcasting
 + Level 2.3 Conjurations
 * Level 5.8 Poison Magic


You had 4 spell levels left.
You knew the following spells:

 Your Spells              Type           Power        Failure   Level  Hunger
a - Sting                 Conj/Pois      ##..         4%          1    #......
b - Poisonous Vapours     Pois/Air       ##....       11%         2    ##.....
c - Olgreb's Toxic Radia  Pois           ###.....     22%         4    #####..

Your spell library contained the following spells:

 Spells                   Type           Power        Failure   Level  Hunger
 Mephitic Cloud           Conj/Pois/Air  ##......     22%         3    ###....
 Venom Bolt               Conj/Pois      ##........   77%         5    ######.


Dungeon Overview and Level Annotations

Branches:
Dungeon (6/15)             Temple (1/1) D:6

Altars:
Ashenzari
Cheibriados
Dithmenos
Elyvilon
Fedhas
Hepliaklqana
Kikubaaqudgha
Nemelex Xobeh
Qazlal
Ru
Sif Muna
Trog
Xom
Yredelemnul
Zin
The Shining One


Innate Abilities, Weirdness & Mutations

You cannot be hasted, slowed, berserked, paralysed or teleported.
You can dig through walls and to a lower floor.
Your four strong arms can wield two-handed weapons with a shield.
You have a pair of large antennae on your head. (SInv)


Message History

* * * LOW HITPOINT WARNING * * *
You block the bullfrog skeleton's attack.
You barely miss the bullfrog skeleton.
The bullfrog skeleton is almost destroyed.
The bullfrog skeleton barely misses you. x2
You hit the bullfrog skeleton but do no damage.
The bullfrog skeleton is almost destroyed.
The bullfrog skeleton hits you.
* * * LOW HITPOINT WARNING * * *
You block the bullfrog skeleton's attack.
You hit the bullfrog skeleton but do no damage.
The bullfrog skeleton is almost destroyed.
The bullfrog skeleton hits you.
* * * LOW HITPOINT WARNING * * *
The bullfrog skeleton hits you but does no damage.
You barely miss the bullfrog skeleton.
The bullfrog skeleton is almost destroyed.
The bullfrog skeleton hits you but does no damage.
The bullfrog skeleton hits you.
You die...

#.. ##..###
###.## ##..##
# #....##
##..## ##
......##..##
##..## #.
#..## ##..##
##..## ##. #
##..###
##..## ##..
###..##
##..## #..>
##..## ##..##
##...
##Z@###...#
#....
###.....##
##....
##...##
#..... ##.##
#..... #..#
#..... ##.#
##.... #.##
#.... ##.#
#####....
#.###........


You could see a bullfrog skeleton.

Vanquished Creatures
  A centaur skeleton (D:5)
  A jelly (D:5)
  3 gnolls
  A howler monkey skeleton (D:5)
  2 adders
  A shadow imp (D:5)
  An ooze (D:1)
  An adder skeleton (D:5)
  7 worms
  3 dart slugs
  7 leopard geckos
  11 orcs
  2 bat zombies (D:1)
  8 giant cockroaches
  13 goblins
  5 hobgoblins
  7 jackals
  9 kobolds
  4 bats
  6 frilled lizards
  4 rats
97 creatures vanquished.

Notes
Turn   | Place    | Note
-------+----------+-------------------------------------------
     0 | D:1      | Htamos the Formicid Venom Mage began the quest for the Orb.
     0 | D:1      | Reached XP level 1. HP: 13/13 MP: 3/3
    64 | D:1      | Reached skill level 1 in Conjurations
   216 | D:1      | Reached XP level 2. HP: 19/19 MP: 1/5
   562 | D:1      | Found a shattered altar of Ashenzari.
   571 | D:1      | Reached XP level 3. HP: 24/24 MP: 1/6
  1762 | D:2      | Found an ancient bone altar of Kikubaaqudgha.
  1781 | D:2      | Reached XP level 4. HP: 29/30 MP: 1/7
  1941 | D:2      | Found a sparkling altar of Nemelex Xobeh.
  2678 | D:2      | Reached skill level 5 in Poison Magic
  2916 | D:2      | Found a bloodstained altar of Trog.
  3309 | D:2      | Reached XP level 5. HP: 32/35 MP: 4/9
  4703 | D:3      | Reached skill level 1 in Shields
  5055 | D:4      | Found a sacrificial altar of Ru.
  5060 | D:4      | Found a snail-covered altar of Cheibriados.
  5085 | D:4      | Noticed a phantom
  5533 | D:4      | Learned a level 2 spell: Poisonous Vapours
  5538 | D:4      | Learned a level 4 spell: Olgreb's Toxic Radiance
  5583 | D:4      | You fall through a shaft for 2 floors!
  5586 | D:6      | Reached XP level 6. HP: 41/41 MP: 5/10
  5636 | D:6      | Noticed a phantom
  5637 | D:6      | Found a staircase to the Ecumenical Temple.
  5649 | Temple   | Entered the Ecumenical Temple
  5731 | D:5      | Entered Level 5 of the Dungeon
  6207 | D:5      | Found a shadowy altar of Dithmenos.
  6366 | D:5      | Noticed an ogre
  6414 | D:5      | HP: 1/41 [bullfrog skeleton (2)]
  6415 | D:5      | Slain by a bullfrog skeleton

Vault maps used:
D:1:      saegor_arrival_fortress, st_stairs_10, ashenzari_altar_1
D:2:      kiku_gazebo_pond_becter, nemelex_altar_shiori,
          overflow_temple_1_default, first_ration
D:4:      nicolae_overflow_hidden_temple, st_stairs_13,
          nemelex_lonely_heart_becter
D:5:      lemuel_round_altar, uniq_duvessa
D:6:      nicolae_gozag_seed_capital, kennysheep_mini_moat,
          eat_drink_and_be_merry_uskayaw, kennysheep_okawaru_gauntlet,
          minmay_temple_entry_butterflies, uniq_crazy_yiuf_cottage,
          uniq_blork_the_orc
Temple:   compressed_dpeg_triangle_lava_temple

Skill      XL: |  1  2  3  4  5 |
---------------+----------------+-----
Conjurations   | 1 2 |  2.3
Dodging        | 2 |  2.7
Stealth        | 3 |  3.8
Poison Magic   | 5 |  5.8
Spellcasting   | 3 |  3.1
Shields        | 1 |  1.5

Action                   |  1- 3 |  4- 6 || total
-------------------------+-------+-------++-------
Melee: Unarmed           |    17 |       ||    17
       Short sword       |    54 |    33 ||    87
       Dagger            |       |   172 ||   172
       Halberd           |       |    27 ||    27
 Cast: Sting             |    63 |   137 ||   200
       Poisonous Vapours |       |     2 ||     2
 Abil: Dig               |     1 |     4 ||     5
  Use: Potion            |     1 |     6 ||     7
       Scroll            |     3 |     7 ||    10
 Stab: Sleeping          |       |     3 ||     3
       Distracted        |       |     1 ||     1
  Eat: Chunk             |     4 |    13 ||    17
       Ration            |       |     1 ||     1
Armor: Robe              |    28 |    54 ||    82
Dodge: Dodged            |    79 |   175 ||   254
Block: Buckler           |       |    47 ||    47

Table legend:
 A = Spawn XP
 B = Non-spawn XP
 C = Spawn XP percentage of total XP
 D = Spawn monster count
 E = Non-spawn monster count
 F = Spawn count percentage of total count
 G = Total turns spent on level
                    A         B        C        D         E        F      G
               +---------+---------+-------+---------+---------+-------+---------
         Total |       0 |     384 |   0.0 |       0 |      97 |   0.0 |  6415
               +---------+---------+-------+---------+---------+-------+---------
           D:1 |       0 |      66 |   0.0 |       0 |      33 |   0.0 |  1688
           D:2 |       0 |     108 |   0.0 |       0 |      30 |   0.0 |  2160
           D:3 |       0 |      78 |   0.0 |       0 |      24 |   0.0 |  1199
           D:4 |       0 |      15 |   0.0 |       0 |       2 |   0.0 |   536
           D:5 |       0 |     114 |   0.0 |       0 |       7 |   0.0 |   684
           D:6 |       0 |       3 |   0.0 |       0 |       1 |   0.0 |    79
               +---------+---------+-------+---------+---------+-------+---------
